 Dungeon Crawl Stone Soup version 0.20-a0-1122-gb7cbeb9 (webtiles) character file.

2630 poirepourri the Cleaver (level 9, -15/81 HPs)
             Began as a Minotaur Fighter on May 14, 2017.
             Was a Follower of Makhleb.
             Demolished by an ogre
             ... wielding a +0 giant club
              (24 damage)
             ... on level 8 of the Dungeon.
             The game lasted 00:08:28 (7603 turns).

poirepourri the Cleaver (Minotaur Fighter)          Turns: 7603, Time: 00:08:29

Health: -15/81     AC: -10   Str: 22    XL:     9   Next: 35%
Magic:  8/8        EV: 10    Int:  5    God:    Makhleb [*.....]
Gold:   497        SH: 11    Dex: 12    Spells: 8/8 levels left

rFire    . . .     SeeInvis .   a - +0 war axe
rCold    . . .     Gourm    .   c - +1 shield
rNeg     . . .     Faith    .   b - +0 scale mail
rPois    +         Spirit   .   (helmet restricted)
rElec    .         Reflect  .   (no cloak)
rCorr    .         Harm     .   w - +2 pair of gloves {archery}
MR       .....                  (no boots)
Stlth    ..........             (no amulet)
Regen    0.3/turn               f - ring of poison resistance
MPRegen  0.2/turn               i - +3 ring of protection

@: corroded
A: retaliatory headbutt, horns 2
a: Renounce Religion


You were on level 8 of the Dungeon.
You worshipped Makhleb.
Makhleb was aware of your devotion.
You were not hungry.

You visited 2 branches of the dungeon, and saw 9 of its levels.

You collected 497 gold pieces.

Inventory:

Hand Weapons
 a - a +0 war axe (weapon)
 v - a +0 longbow
Missiles
 A - 6 poisoned javelins (quivered)
Armour
 b - a +0 scale mail (worn)
 c - a +1 shield (worn)
 w - a +2 pair of gloves of archery (worn)
Jewellery
 f - a ring of poison resistance (left hand)
 i - a +3 ring of protection (right hand)
 r - an uncursed ring of wizardry
Wands
 d - a wand of random effects (20/48)
 n - a wand of digging (16/24)
 x - a wand of paralysis (8/24)
 y - a wand of digging (17/24)
Scrolls
 k - 4 scrolls of remove curse
 u - a scroll of amnesia
Potions
 e - a potion of magic
 h - a potion of haste
 j - 5 potions of curing
 m - 2 potions of resistance
 o - 3 potions of cancellation
 p - 2 potions of invisibility
 q - a potion of lignification
 s - a potion of might
 t - a potion of berserk rage
 B - a potion of agility {unknown}
Comestibles
 g - a royal jelly
 z - 5 meat rations


   Skills:
 + Level 8.1 Fighting
 + Level 11.3 Axes
 - Level 3.6 Armour
 + Level 5.0 Dodging
 + Level 5.9 Shields


You had 8 spell levels left.
You didn't know any spells.

Dungeon Overview and Level Annotations

Branches:
Dungeon (8/15)             Temple (1/1) D:4
   Lair: D:8-11

Altars:
Ashenzari
Cheibriados
Dithmenos
Elyvilon
Fedhas
Gozag
Hepliaklqana
Kikubaaqudgha
Makhleb
Okawaru
Qazlal
Ru
Sif Muna
Uskayaw
Vehumet
Wu Jian
Xom
Yredelemnul
Zin
The Shining One

Shops:
D:5 :

Annotations:
D:4 poirepourri's ghost, novice MiFi


Innate Abilities, Weirdness & Mutations

You reflexively headbutt those who attack you in melee.
You have a pair of horns on your head.


Message History

The ogre is moderately wounded.
The ogre hits you with a giant club!
* * * LOW HITPOINT WARNING * * *
You closely miss the ogre.
The ogre is moderately wounded.
The ogre hits you with a giant club!
* * * LOW HITPOINT WARNING * * *
You feel much better.
You hit the ogre but do no damage.
The ogre is moderately wounded.
The ogre hits you with a giant club!
* * * LOW HITPOINT WARNING * * *
Okay, then.
You hit the ogre but do no damage. You headbutt the ogre!
The ogre is severely wounded.
The ogre closely misses you.
You barely miss the ogre.
The ogre is severely wounded.
The ogre hits you with a giant club!!
You die...

##......#...#....
.........#...#....
..........#...#....
..........#...#....
..........#...'....
.........#...#....
#≈..>...+...#....
#####≈.....##+##....
#..@#............###
+.#.O≈...........#
#...#...........<#
#####≈...........#
###≈...†........#
.................#
..................#
............#######
............#


You could see an ogre.

Vanquished Creatures
  Prince Ribbit (D:7)
  2 hippogriffs
  An orc warrior (D:7)
  An ogre (D:5)
  A crocodile (D:7)
  A big kobold (D:7)
  A bullfrog (D:7)
  A gnoll sergeant (D:5)
  3 scorpions
  3 killer bees (D:8)
  3 wights (D:6)
  4 howler monkeys (D:7)
  3 crimson imps
  4 hounds
  5 orc wizards
  An iron imp (D:6)
  4 jellies
  3 orc priests
  3 bullfrog skeletons (D:7)
  An iguana (D:7)
  A worker ant (D:7)
  13 gnolls
  A howler monkey skeleton (D:5)
  8 adders
  6 oozes
  An adder zombie (D:5)
  5 worms
  A dart slug (D:3)
  3 leopard geckos
  25 orcs
  8 bats
  3 giant cockroaches
  3 goblins
  8 hobgoblins
  10 jackals
  9 kobolds
  2 quokkas
  2 ball pythons
  3 frilled lizards
  A quokka zombie (D:5)
  2 rats
161 creatures vanquished.

Notes
Turn   | Place    | Note
-------+----------+-------------------------------------------
     0 | D:1      | poirepourri the Minotaur Fighter began the quest for the Orb.
     0 | D:1      | Reached XP level 1. HP: 19/19 MP: 0/0
   393 | D:1      | Reached XP level 2. HP: 27/27 MP: 1/1
   747 | D:2      | Reached skill level 3 in Axes
   747 | D:2      | Reached XP level 3. HP: 28/34 MP: 2/2
   752 | D:2      | Reached skill level 5 in Fighting
   948 | D:2      | Reached XP level 4. HP: 24/42 MP: 3/3
   949 | D:2      | Reached skill level 1 in Dodging
  1528 | D:2      | Found a faded altar of an unknown god.
  1825 | D:3      | Reached skill level 4 in Axes
  1836 | D:3      | Reached XP level 5. HP: 31/49 MP: 4/4
  2024 | D:3      | Found a shadowy altar of Dithmenos.
  2302 | D:3      | Found a shattered altar of Ashenzari.
  2303 | D:3      | Found a radiant altar of Vehumet.
  2303 | D:3      | Found a white marble altar of Elyvilon.
  2609 | D:3      | Reached skill level 5 in Axes
  2760 | D:3      | You fall through a shaft!
  3118 | D:4      | Reached XP level 6. HP: 57/57 MP: 5/5
  3162 | D:4      | Found a staircase to the Ecumenical Temple.
  3242 | D:4      | Found an opulent altar of Gozag.
  3249 | D:4      | Noticed poirepourri's ghost (novice MiFi)
  3337 | Temple   | Entered the Ecumenical Temple
  4235 | D:5      | Entered Level 5 of the Dungeon
  4270 | D:5      | Reached skill level 6 in Axes
  4316 | D:5      | Reached XP level 7. HP: 49/64 MP: 6/6
  4500 | D:5      | Reached skill level 7 in Axes
  4682 | D:5      | Found a glowing golden altar of the Shining One.
  4682 | D:5      | Found a hazy altar of Hepliaklqana.
  4761 | D:5      | Reached skill level 8 in Axes
  4872 | D:5      | Found Zasif's Book Boutique.
  4885 | D:5      | Found a stormy altar of Qazlal.
  5177 | D:6      | Found a snail-covered altar of Cheibriados.
  5436 | D:6      | Found a burning altar of Makhleb.
  5529 | D:6      | Became a worshipper of Makhleb the Destroyer
  5543 | D:6      | Reached XP level 8. HP: 64/71 MP: 7/7
  6017 | D:7      | Reached skill level 9 in Axes
  6274 | D:7      | Noticed Prince Ribbit
  6290 | D:7      | Killed Prince Ribbit
  6290 | D:7      | Reached skill level 10 in Axes
  6696 | D:7      | Reached skill level 5 in Shields
  7047 | D:7      | Noticed a hippogriff
  7054 | D:7      | Killed a hippogriff
  7054 | D:7      | Reached * piety under Makhleb
  7054 | D:7      | Reached XP level 9. HP: 76/81 MP: 8/8
  7274 | D:8      | Reached skill level 11 in Axes
  7597 | D:8      | Reached skill level 5 in Dodging
  7599 | D:8      | HP: 3/81 [ogre/giant club (9)]
  7603 | D:8      | Demolished by an ogre

Vault maps used:
D:1:      matt_arrival_los_fun, serial_glass, glass_columns_c, glass_columns_c
D:2:      chequers_ecumenical_altar_lobes, kennysheep_cross_room,
          minmay_misc_feat_roman, wad_floor_pattern_2, item_on_display_a
D:3:      grunt_dithmenos_smoke_and_mirrors, gammafunk_temple_overflow_claw
D:4:      nicolae_overflow_crystal_walls, minmay_temple_entry_enclosed_plants
D:5:      nicolae_overflow_hidden_temple, minitemple, serial_shops,
          nicolae_shop_stone, first_bread
D:6:      slow_altar_1, kennysheep_mini_moat, corexii_leaking_fountain,
          minmay_strange_pillars
D:7:      uniq_prince_ribbit1
D:8:      lightli_temple_of_fire, serial_shops, nicolae_shop_behind_doors,
          hangedman_little_slice_of_home
Temple:   dpeg_chambers_temple

Skill      XL: |  1  2  3  4  5  6  7  8  9 |
---------------+----------------------------+-----
Fighting       | 4 5 6 7 8 |  8.1
Axes           | 3 4 5 6 8 10 11 | 11.3
Dodging        | 1 2 3 4 5 |  5.0
Shields        | 5 |  5.9
Armour         | |  3.6

Action                   |  1- 3 |  4- 6 |  7- 9 || total
-------------------------+-------+-------+-------++-------
Melee: War axe           |    54 |   136 |   236 ||   426
       Headbutt          |     9 |    24 |    47 ||    80
  Use: Scroll            |     8 |    10 |     8 ||    26
       Potion            |     1 |     2 |     1 ||     4
  Eat: Bread ration      |       |     1 |     1 ||     2
       Fruit             |       |     1 |     3 ||     4
       Meat ration       |       |     1 |     1 ||     2
       Chunk             |       |     1 |       ||     1
       Royal jelly       |       |       |     1 ||     1
Armor: Scale mail        |    30 |    59 |    70 ||   159
Dodge: Dodged            |    25 |    56 |    94 ||   175
Block: Shield            |    40 |    93 |   139 ||   272
